 Dungeon Sprint DCSS version 0.26-a0-850-g97a50ab700 (webtiles) character file.

Game seed: 1943343320808886131

266 sahdkjhfkaj the Fighter (level 6, -4/48 HPs)
             Began as a Vampire Berserker on Nov 20, 2020.
             Was a Priest of Trog.
             Slain by Duvessa
             ... wielding a +0 short sword
              (6 damage)
             ... in the Dungeon (Sprint VII: "The Pits").
             The game lasted 00:03:33 (908 turns).

sahdkjhfkaj the Fighter (Vampire Berserker)          Turns: 908, Time: 00:03:33

Health: -4/48      AC:  0    Str: 17    XL:     6   Next: 0%
Magic:  6/6        EV: 20    Int: 10    God:    Trog [***...]
Gold:   0          SH:  0    Dex: 19    Spells: 5/5 levels left

rFire    . . .     SeeInvis +     - Unarmed
rCold    + + .     Faith    .   (shield currently unavailable)
rNeg     + + +     Spirit   .   (armour currently unavailable)
rPois    ∞         Reflect  .   (helmet currently unavailable)
rElec    .         Harm     .   (cloak currently unavailable)
rCorr    .         Rampage  .   (gloves currently unavailable)
MR       .....     NoTele   +   (boots currently unavailable)
Stlth    +++++++...             (no amulet)
HPRegen  0.00/turn              (ring currently unavailable)
MPRegen  0.10/turn              (ring currently unavailable)

@: bat-form, flying, bloodless, very quick
A: tiny, fangs 3, see invisible
a: Revivify, End Transformation, Berserk, Trog's Hand, Renounce Religion


You were in the Dungeon.
You worshipped Trog.
Trog was most pleased with you.
You were in vampire-bat-form.
You visited 1 branch

Inventory:

Armour
 a - a +0 animal skin (melded)
Scrolls
 g - a scroll of blinking {!r}
 i - 3 scrolls of remove curse {!r}
Potions
 b - 6 potions of curing {!q}
 c - 6 potions of heal wounds {!q}
 d - a potion of haste {!q}
 e - 4 potions of magic {!q}
 f - 3 potions of berserk rage {!q}
 h - a potion of invisibility {!q}


   Skills:
 - Level 10.1 Fighting
 - Level 1.5 Armour
 - Level 2.1 Dodging
 + Level 10.0 Stealth
 - Level 3.2 Unarmed Combat


You had 5 spell levels left.
You didn't know any spells.
Your spell library was empty.

Dungeon Overview and Level Annotations

Branches:
Dungeon (1/1)

Altars:
Ashenzari
Cheibriados
Dithmenos
Elyvilon
Fedhas
Gozag
Hepliaklqana
Kikubaaqudgha
Makhleb
Nemelex Xobeh
Okawaru
Qazlal
Ru
Sif Muna
Trog
Uskayaw
Vehumet
Wu Jian
Xom
Yredelemnul
Zin
The Shining One
Beogh
Jiyva
Lugonu

Annotations:
D Dowan, Duvessa


Innate Abilities, Weirdness & Mutations

You do not regenerate when monsters are visible.
You are frail without blood (-20% HP).
You can heal yourself when you bite living creatures.
You are immune to poison.
You have razor-sharp teeth.
You have supernaturally acute eyesight. (SInv)
((You can survive without breathing.))


Message History

Unknown command.
You fail to use your ability.
Duvessa barely misses you.
Unknown command.
Unknown command.
Unknown command.
You fail to use your ability.
Duvessa completely misses you. The worm barely misses you.
Unknown command.
Unknown command.
Unknown command.
You fail to use your ability.
Duvessa hits you with a +0 short sword.
* * * LOW HITPOINT WARNING * * *
The worm closely misses you.
Unknown command.
Unknown command.
Your ogre goes berserk!
You can no longer call in reinforcements.
Duvessa says, "When magic and the sword combine, nothing stands against them."
Duvessa hits you with a +0 short sword.
You die...

##########'##.....
#.?(.')))'.##.....
##########.##.....
#....ee....)'.....
#'#####'#####.....
#.#..#..#..##.....
#.#..'..'..#####'#
#e##'####'###.....
#b#...÷....##.....
#w#........##.....
#O#####'#####...<.
#.#..[)))..##.....
#.#..[)))..##.....
#'###########.....
#..#.#.## ######
#...Z...#
##.#.#.##


You could see Duvessa, a worm and a friendly ogre (summoned, berserk).

Vanquished Creatures
  2 floating eyes (D)
  A leopard gecko (D)
  A hobgoblin (D)
  2 quokkas (D)
  A ball python (D)
  A ball python zombie (D)
  2 bats (D)
  A quokka zombie (D)
11 creatures vanquished.

Vanquished Creatures (collateral kills)
  An ice beast (D)
  An adder skeleton (D)
2 creatures vanquished.

Grand Total: 13 creatures vanquished

Notes
Turn   | Place    | Note
-------+----------+-------------------------------------------
     0 | D        | sahdkjhfkaj the Vampire Berserker began the quest for the
                  | Orb.
     0 | D        | Reached XP level 1. HP: 17/17 MP: 1/1
    68 | D        | Found a bloodstained altar of Trog.
    68 | D        | Found a shimmering blue altar of Sif Muna.
    68 | D        | Found a viscous altar of Jiyva.
    68 | D        | Found a hazy altar of Hepliaklqana.
    68 | D        | Found an opulent altar of Gozag.
    69 | D        | Found a glowing golden altar of the Shining One.
    69 | D        | Found a glowing silver altar of Zin.
    69 | D        | Found a basalt altar of Yredelemnul.
    69 | D        | Found a shimmering altar of Xom.
    69 | D        | Found an ornate altar of the Wu Jian Council.
    69 | D        | Found a sacrificial altar of Ru.
    69 | D        | Found a stormy altar of Qazlal.
    69 | D        | Found an iron altar of Okawaru.
    69 | D        | Found a sparkling altar of Nemelex Xobeh.
    69 | D        | Found a burning altar of Makhleb.
    69 | D        | Found a blossoming altar of Fedhas.
    69 | D        | Found a white marble altar of Elyvilon.
    69 | D        | Found a shadowy altar of Dithmenos.
    69 | D        | Found a snail-covered altar of Cheibriados.
    70 | D        | Found a radiant altar of Vehumet.
    70 | D        | Found a corrupted altar of Lugonu.
    70 | D        | Found a roughly hewn altar of Beogh.
    71 | D        | Found a hide-covered altar of Uskayaw.
    71 | D        | Found an ancient bone altar of Kikubaaqudgha.
    71 | D        | Found a broken altar of Ashenzari.
   107 | D        | Noticed a floating eye
   112 | D        | Reached ** piety under Trog
   115 | D        | Killed a floating eye
   116 | D        | Reached XP level 2. HP: 22/26 MP: 2/2
   116 | D        | Reached XP level 3. HP: 26/30 MP: 3/3
   116 | D        | Reached XP level 4. HP: 31/36 MP: 4/4
   225 | D        | Noticed an ice beast
   231 | D        | Reached *** piety under Trog
   484 | D        | Killed an ice beast
   485 | D        | Reached skill level 10 in Fighting
   485 | D        | Reached XP level 5. HP: 16/42 MP: 5/5
   785 | D        | Noticed Dowan
   786 | D        | Noticed Duvessa
   788 | D        | Noticed a floating eye
   789 | D        | Noticed a phantom
   793 | D        | Paralysed by a floating eye for 4 turns
   803 | D        | Paralysed by a floating eye for 4 turns
   817 | D        | Killed a floating eye
   817 | D        | Reached **** piety under Trog
   818 | D        | Reached skill level 10 in Stealth
   889 | D        | Reached XP level 6. HP: 17/48 MP: 6/6
   907 | D        | HP: 2/48 [Duvessa/+0 short sword (4)]
   908 | D        | Slain by Duvessa

Illustrated notes

Levels and vault maps discovered:
D:        pitsprint [storerooms_1, entrance_room_1, metal_vault_5, armoury_1,
          mini_pit_1, grid_room_1, main_hall_1, silver_pit, the_coven_2,
          the_vestibule_1, steel_vault_1, golden_pit, hallway_of_sentries,
          crystal_vault_6, iron_vault_2, final_vault]

Skill      XL: |  1  2  3  4  5 |
---------------+----------------+-----
Fighting       | 8 10 | 10.1
Stealth        | 10 | 10.0
Armour         | |  1.5
Dodging        | |  2.1
Unarmed Combat | |  3.2

Action                   |  1- 3 |  4- 6 || total
-------------------------+-------+-------++-------
Melee: Unarmed           |    10 |    61 ||    71
       Bite              |       |     8 ||     8
Invok: Berserk           |     1 |       ||     1
       Brothers in Arms  |       |     1 ||     1
 Abil: Exsanguinate      |     1 |       ||     1
       Bat Form          |       |     1 ||     1
  Use: Scroll            |       |     1 ||     1
       Potion            |       |     1 ||     1
 Stab: Sleeping          |     1 |     4 ||     5
       Invisible         |       |     1 ||     1
Armor: Animal skin       |     1 |       ||     1
Dodge: Dodged            |     3 |    55 ||    58

Table legend: (Time is in decaauts)
 A = Elapsed time spent in this place.
 B = Non-inter-level travel time spent in this place.
 C = Inter-level travel time spent in this place.
 D = Time resting spent in this place.
 E = Time spent auto-exploring this place.
 F = Levels seen in this place.
 G = Mean time per level.
                   A        B        C        D        E       F      G
               +--------+--------+--------+--------+--------+-----+--------+
         Total |    874 |    874 |      0 |    640 |      0 |   1 |  874.0 |
       Dungeon |    874 |    874 |      0 |    640 |      0 |   1 |  874.0 |
               +--------+--------+--------+--------+--------+-----+--------+

Top non-repeatable levels by time:
       D: 874 daAuts
